 Dungeon Crawl Stone Soup version 0.31-a0-89-g637a80eef8 (webtiles) character file.

Game seed: 18207490933052627394

9539 Kenran the Carver (level 11, -9/80 HPs)
             Began as a Vampire Fighter on May 25, 2023.
             Was a Believer of Ru.
             Mangled by a gargoyle
             ... wielding a +0 morningstar
              (12 damage)
             ... on level 10 of the Dungeon.
             The game lasted 00:15:46 (8040 turns).

Kenran the Carver (Vampire Fighter)                 Turns: 8040, Time: 00:15:47

Health: -9/80      AC: 14    Str: 15    XL:     11   Next: 24%
Magic:  11/11      EV: 10    Int: 11    God:    Ru [**....]
Gold:   576        SH:  6    Dex: 18    Spells: 10/10 levels left

rFire   . . .        a - +3 demon blade (drain)
rCold   . . .        c - +0 buckler
rNeg    . . .        E - +0 chain mail
rPois   .            m - +0 helmet
rElec   .            (no cloak)
rCorr   .            C - +0 pair of gloves
SInv    +            e - +2 pair of boots {rampage}
Will    +....        F - amulet of faith {!P} Stlth
                     (no ring)
HPRegen 0.53/turn    (no ring)
MPRegen 0.12/turn

%: rampage, faith
@: healing quickly
A: alive, fangs 3, see invisible, no stealth, unskilled 1, vampiric 2
a: Exsanguinate, Renounce Religion


You were on level 10 of the Dungeon.
You worshipped Ru.
Ru was pleased with you.
You visited 2 branches of the dungeon, and saw 11 of its levels.
You also visited: Ossuary.

You collected 660 gold pieces.
You spent 84 gold pieces at shops.

Inventory:

Hand Weapons
 a - a +3 demon blade of draining (weapon)
 D - a +2 short sword of venom
Missiles
 f - 2 throwing nets (quivered)
Armour
 c - a +0 buckler (worn)
 e - a +2 pair of boots of rampaging (worn)
 m - a +0 helmet (worn)
 C - a +0 pair of gloves (worn)
 E - a +0 chain mail (worn)
Jewellery
 F - an amulet of faith (around neck) {!P}
Wands
 j - a wand of polymorph (14)
 A - a wand of charming (10)
Scrolls
 h - a scroll of butterflies
 k - 5 scrolls of teleportation
 n - a scroll of poison {!r}
 o - 4 scrolls of enchant weapon
 q - a scroll of silence
 s - 2 scrolls of fog
 u - a scroll of magic mapping
 v - 2 scrolls of enchant armour
 w - a scroll of brand weapon
 x - 3 scrolls of blinking {unknown}
 y - 3 scrolls of vulnerability {!r}
Potions
 b - a potion of degeneration {unknown}
 g - a potion of brilliance {unknown}
 i - 4 potions of mutation {unknown}
 l - a potion of attraction {unknown}
 r - 2 potions of ambrosia {unknown}
 t - a potion of berserk rage {unknown}
 B - 2 potions of enlightenment {unknown}


   Skills:
 - Level 5.4 Fighting
 + Level 12.7 Long Blades
 - Level 2.1 Armour
 - Level 8.4 Dodging
 - Level 5.3 Shields


You had 10 spell levels left.
You didn't know any spells.
Your spell library contained the following spells:

 Spells                   Type           Power      Damage    Failure   Level
 Apportation              Tloc           0%         N/A       100%        1
 Freeze                   Ice            0%         1d3       100%        1
 Kiss of Death            Conj/Necr      0%         2d5       100%        1
 Necrotise                Necr           0%         1d4       100%        1
 Summon Small Mammal      Summ           0%         N/A       100%        1
 Lesser Beckoning         Tloc           0%         N/A       100%        2
 Poisonous Vapours        Pois/Air       0%         N/A       100%        2
 Confusing Touch          Hex            0%         N/A       100%        3
 Frozen Ramparts          Ice            0%         1d1       100%        3
 Gell's Gravitas          Tloc           0%         N/A       100%        3
 Hailstorm                Conj/Ice       0%         3d3       100%        3
 Mephitic Cloud           Conj/Pois/Air  0%         N/A       100%        3
 Teleport Other           Tloc           0%         N/A       100%        3
 Dispel Undead            Necr           0%         3d6       100%        4
 Freezing Cloud           Conj/Ice/Air   0%         6-21      100%        5


Dungeon Overview and Level Annotations

Branches:
Dungeon (10/15)            Temple (1/1) D:6         Ossuary (visited)
   Lair: D:8-11         Orc: D:9-12

Altars:
Cheibriados
Dithmenos
Fedhas
Gozag
Hepliaklqana
Kikubaaqudgha
Ru
Sif Muna
Trog
Uskayaw
Vehumet
Wu Jian

Shops:
D:2 ?:

Annotations:
D:1 2 transporters


Innate Abilities, Weirdness & Mutations

Your natural rate of healing is accelerated.
You have razor-sharp teeth.
You have supernaturally acute eyesight. (SInv)
You cannot be stealthy.
You are somewhat unskilled. (-1 Apt)
You are afflicted with vampirism and can become a bat while bloodless.


Message History

You barely miss the gargoyle.
The gargoyle is severely damaged.
The gargoyle hurls a stone arrow at you.
The stone arrow misses you.
Okay, then.
You feel better.
The gargoyle hurls a stone arrow at you.
The stone arrow hits you!
* * * LOW HITPOINT WARNING * * *
You feel better.
You redirect the gargoyle's attack!
The gargoyle closely misses you.
You barely miss the gargoyle.
You bite the gargoyle, but do no damage.
The gargoyle is severely damaged.
The gargoyle hits you with a +0 morningstar!
* * * LOW HITPOINT WARNING * * *
You hit the gargoyle.
The gargoyle is almost destroyed.
You feel better.
The gargoyle hurls a stone arrow at you.
You block the stone arrow.
You hit the gargoyle but do no damage.
The gargoyle is almost destroyed.
The gargoyle hits you with a +0 morningstar!
* * * LOW HITPOINT WARNING * * *
You hit the gargoyle but do no damage.
The gargoyle is almost destroyed.
You block the gargoyle's attack.
You hit the gargoyle but do no damage.
The gargoyle is almost destroyed.
You feel better.
The gargoyle hits you with a +0 morningstar!
* * * LOW HITPOINT WARNING * * *
Okay, then.
Okay, then.
You barely miss the gargoyle.
The gargoyle is almost destroyed.
The gargoyle hits you with a +0 morningstar!
You die... ### ..# #.# #9# #@# #.# Y.. #≈≈..# #.# oo.

.....# #.#
oY.##≈≈..#
#)# ..≣.≈≈..#
#.#
≣≣≣≣≣≣'o≈≈..#
#.#
≈≈≈≈≈≈≈≈8≈..#
#.#
≈≈≈≈≈≈≈≈≈8..#
#.#


You could see a gargoyle.

Vanquished Creatures
  A harpy (D:4)
  Maggie (D:6)
  A wyvern (D:7)
  2 steam dragons
  A water moccasin (D:7)
  Duvessa (D:5)
  A black bear (D:5)
  2 ice beasts
  2 sky beasts
  4 orc warriors
  A phantom (D:5)
  4 scorpions
  A bullfrog (D:8)
  A gnoll sergeant (D:9)
  3 water moccasin zombies (Ossuary)
  A wyvern zombie (Ossuary)
  14 wights
  Dowan (D:5)
  5 killer bees
  5 howler monkeys
  An electric eel (D:10)
  4 bullfrog zombies (Ossuary)
  4 centaur zombies (Ossuary)
  2 hounds
  3 orc priests
  A sleepcap (D:8)
  4 iguanas
  11 mummies (Ossuary)
  13 orc wizards
  A killer bee zombie (Ossuary)
  A howler monkey zombie (Ossuary)
  13 gnolls
  9 adders
  A white imp (D:6)
  2 ufetubi (D:5)
  3 worms
  A dart slug (D:1)
  53 orcs
  7 endoplasms
  4 giant cockroaches
  9 goblins
  9 hobgoblins
  11 jackals
  A quokka (D:4)
  3 ball pythons
  2 bats
  3 frilled lizards (D:3)
  14 kobolds
  3 rats
245 creatures vanquished.

Vanquished Creatures (others)
  An orc (D:10)
1 creature vanquished.

Grand Total: 246 creatures vanquished

Notes
Turn   | Place    | Note
-------+----------+-------------------------------------------
     0 | D:1      | Kenran the Vampire Fighter began the quest for the Orb.
     0 | D:1      | Reached XP level 1. HP: 17/17 MP: 1/1
   213 | D:1      | Reached XP level 2. HP: 23/23 MP: 2/2
   492 | D:2      | Found Puoluxom's Book Shop.
   562 | D:2      | Reached skill level 3 in Long Blades
   717 | D:2      | Found Moady's Magic Scroll Shoppe.
   720 | D:2      | Bought 3 scrolls of identify for 84 gold pieces
   837 | D:2      | You fall into a shaft and drop 2 floors!
   939 | D:4      | Gained mutation: You are afflicted with vampirism and can
                  | become a bat while bloodless. [Vampire growth]
   939 | D:4      | Reached XP level 3. HP: 28/28 MP: 3/3
  1117 | D:4      | Found a sand-covered staircase.
  1124 | Ossuary  | Entered an ossuary
  1155 | Ossuary  | Reached skill level 4 in Long Blades
  1156 | Ossuary  | Reached XP level 4. HP: 16/34 MP: 4/4
  1161 | Ossuary  | Reached skill level 5 in Long Blades
  1164 | Ossuary  | Reached XP level 5. HP: 19/39 MP: 5/5
  1171 | Ossuary  | Reached skill level 6 in Long Blades
  1183 | Ossuary  | Reached XP level 6. HP: 42/46 MP: 6/6
  1218 | Ossuary  | Reached skill level 7 in Long Blades
  1330 | Ossuary  | Reached XP level 7. HP: 32/51 MP: 7/7
  1414 | Ossuary  | Reached skill level 8 in Long Blades
  1944 | D:2      | Found a faded altar of an unknown god.
  2385 | D:3      | Reached skill level 9 in Long Blades
  2441 | D:3      | Identified the +6 hand axe of Dumoss {heavy, rN+}
  3213 | D:4      | an ogre changed into a harpy
  3213 | D:4      | Noticed a harpy
  3226 | D:4      | Killed a harpy
  3227 | D:4      | Reached skill level 10 in Long Blades
  3227 | D:4      | Reached XP level 8. HP: 23/61 MP: 8/8
  3668 | D:5      | Entered Level 5 of the Dungeon
  3685 | D:5      | Noticed Duvessa
  3685 | D:5      | Noticed Dowan
  3723 | D:5      | Killed Duvessa
  3724 | D:5      | Reached skill level 5 in Fighting
  3726 | D:5      | Killed Dowan
  3837 | D:5      | Identified 2 scrolls of acquirement
  3838 | D:5      | Acquired a +3 demon blade of draining
  3859 | D:4      | Acquired the +7 crystal plate armour of Zudejair {rC+
                  | Int+5}
  3936 | D:5      | Found an ornate altar of the Wu Jian Council.
  4258 | D:5      | Reached XP level 9. HP: 67/69 MP: 9/9
  4299 | D:5      | Identified the +2 chain mail of the Garden {rF+ rC- Dex+8}
  4353 | D:6      | Found a staircase to the Ecumenical Temple.
  4361 | Temple   | Entered the Ecumenical Temple
  4393 | Temple   | Became a worshipper of Ru the Awakened
  4534 | D:6      | Noticed Maggie
  4557 | D:6      | Killed Maggie
  4558 | D:6      | Reached skill level 11 in Long Blades
  4909 | D:6      | Identified the staff of death "Tamy" {rF+ rN+ Str+2}
  4912 | D:6      | Found a snail-covered altar of Cheibriados.
  4921 | D:6      | Identified the +0 dagger of the Purple Skies {drain, Dex+3}
  5200 | D:6      | Reached skill level 12 in Long Blades
  5200 | D:6      | Reached skill level 1 in Dodging
  5389 | D:7      | Gained mutation: You cannot be stealthy. [Ru sacrifice]
  5430 | D:7      | Identified the +0 robe of Indomitability {Harm}
  5529 | D:7      | Found an opulent altar of Gozag.
  5871 | D:7      | Found a shimmering blue altar of Sif Muna.
  5873 | D:7      | Reached skill level 5 in Dodging
  6320 | D:8      | Reached XP level 10. HP: 76/76 MP: 10/10
  6635 | D:8      | Reached skill level 13 in Long Blades
  6635 | D:8      | Reached skill level 5 in Shields
  6635 | D:8      | Reached XP level 11. HP: 81/81 MP: 11/11
  7386 | D:9      | Gained mutation: You are somewhat unskilled. (-1 Apt) [Ru
                  | sacrifice]
  7386 | D:9      | Reduced skill Fighting to level 5
  7386 | D:9      | Reduced skill Long Blades to level 12
  7386 | D:9      | Reached * piety under Ru
  7386 | D:9      | Reached ** piety under Ru
  7846 | D:10     | Entered Level 10 of the Dungeon
  8039 | D:10     | HP: 2/80 [gargoyle/+0 morningstar (14)]
  8040 | D:10     | Mangled by a gargoyle

Illustrated notes

Levels and vault maps discovered:
D:1:      spicycebolla_arrival_transporter_tutorial, layout_rooms, minivault_26
D:2:      layout_loops_ring, nicolae_ecumenical_lake_church, serial_shops,
          nicolae_shop_rolled_up, nicolae_square_shop
D:3:      layout_loops_cross
D:4:      layout_basic, mainiacjoe_overflow_alcove_4,
          nicolae_ossuary_entry_ruins, minmay_misc_feat_cross
D:5:      layout_rooms, old_standard_altar, minmay_misc_feat_rows, minmay_holes,
          uniq_duvessa
D:6:      corexii_shantytown, layout_loops_ring, mainiacjoe_overflow_paths,
          minmay_temple_entry_mist, chequers_serial_rivers_small_a, uniq_maggie
D:7:      layout_cave_pools, kennysheep_orc_sif_temple,
          nicolae_gozag_cash_rules_everything_around_me
D:8:      hellmonk_crumbling_castle, layout_cave_pods
D:9:      layout_stronghold
D:10:     layout_basic, erik_orc_2, serial_shops, nicolae_book_shop_shelving,
          serial_bayou_lagoon_a
Temple:   nicolae_temple_bog_church

Skill      XL: |  1  2  3  4  5  6  7  8  9 10 11 |
---------------+----------------------------------+-----
Long Blades    | 3 4 5 6 7 10 12 13 12 | 12.7
Fighting       | 4 6 5 |  5.4
Dodging        | 6 9 8 |  8.4
Shields        | 5 |  5.3
Armour         | |  2.1

Action                     |  1- 3 |  4- 6 |  7- 9 | 10-12 || total
---------------------------+-------+-------+-------+-------++-------
  Melee: Long sword        |    70 |    63 |   156 |       ||   289
         Bite              |     7 |    11 |    48 |    13 ||    79
         Short sword       |       |       |    75 |       ||    75
         Demon blade       |       |       |   241 |   152 ||   393
  Throw: Throwing net      |       |       |     1 |       ||     1
 Invoke: Sacrifice Stealth |       |       |     1 |       ||     1
         Sacrifice Skill   |       |       |       |     1 ||     1
  Evoke: Wand              |       |       |     1 |     2 ||     3
    Use: Scroll            |     5 |       |    12 |     2 ||    19
         Potion            |     1 |     2 |     3 |     5 ||    11
   Stab: Held in net/web   |       |       |     1 |       ||     1
 Armour: Scale mail        |    28 |    28 |    58 |       ||   114
         Chain mail        |       |       |   123 |    29 ||   152
  Dodge: Dodged            |    36 |    27 |   106 |    42 ||   211
  Block: Buckler           |    20 |    10 |    81 |    23 ||   134

Table legend: (Time is in decaauts)
 A = Elapsed time spent in this place.
 B = Non-inter-level travel time spent in this place.
 C = Inter-level travel time spent in this place.
 D = Time resting spent in this place.
 E = Time spent auto-exploring this place.
 F = Levels seen in this place.
 G = Mean time per level.
                   A        B        C        D        E       F      G
               +--------+--------+--------+--------+--------+-----+--------+
         Total |   7990 |   7679 |    311 |    740 |   4917 |  12 |  665.8 |
       Dungeon |   7373 |   7086 |    287 |    610 |   4789 |  10 |  737.3 |
        Temple |     45 |     21 |     24 |      0 |      5 |   1 |   45.0 |
       Ossuary |    571 |    571 |      0 |    130 |    122 |   1 |  571.0 |
               +--------+--------+--------+--------+--------+-----+--------+

Top non-repeatable levels by time:
     D:4: 1195 daAuts
     D:9: 946 daAuts
     D:6: 943 daAuts
     D:8: 891 daAuts
     D:2: 798 daAuts
     D:3: 717 daAuts
     D:5: 613 daAuts
     D:7: 610 daAuts
 Ossuary: 571 daAuts
     D:1: 481 daAuts
    D:10: 177 daAuts
  Temple: 45 daAuts
